 Dungeon Crawl Stone Soup version 0.16.1-51-g6203257 (webtiles) character file.

348 Miyamura the Magician (level 6, -9/55 HPs)
             Began as a Naga Wizard on July 3, 2015.
             Was an Initiate of Cheibriados.
             Mangled by an orc warrior
             ... wielding a +2 short sword of holy wrath
              (13 damage)
             ... on level 4 of the Dungeon.
             The game lasted 00:29:22 (5663 turns).

Miyamura the Magician (Naga Wizard)                 Turns: 5663, Time: 00:29:22

Health: -9/55      AC: 10    Str: 11    XL:     6   Next: 60%
Magic:  1/15       EV: 10    Int: 20    God:    Cheibriados [......]
Gold:   206        SH:  0    Dex: 11    Spells: 6 memorised, 2 levels left

rFire  . . .     SeeInvis +     q - +0 flail (protect)
rCold  + . .     Clarity  .     v - +0 leather armour {rC+}
rNeg   + . .     SustAb   .     (no shield)
rPois  +         Gourm    .     h - +0 helmet
rElec  .         Spirit   .     k - +0 cloak
rCorr  .         Warding  +     (no gloves)
rMut   .         Stasis   .     (no barding)
MR     .....                    r - amulet of warding
Stlth  ++........               (no ring)
                                (no ring)

@: about to teleport, very slightly contaminated, very slow, not resistant to
hostile enchantments, unstealthy
A: spit poison, see invisible, deformed body, poison resistance, slowness 2, AC
+2
a: Spit Poison, Bend Time, Renounce Religion


You were on level 4 of the Dungeon.
You worshipped Cheibriados.
Cheibriados was noncommittal.
You were not hungry.

You visited 2 branches of the dungeon, and saw 5 of its levels.

You collected 206 gold pieces.

Inventory:

Hand weapons
 q - a +0 flail of protection (weapon)
Armour
 b - a +0 hat
 h - a +0 helmet (worn)
 k - a +0 cloak (worn)
 v - a +0 leather armour of cold resistance (worn)
Jewellery
 r - an amulet of warding (around neck)
Scrolls
 n - a scroll of remove curse
 p - a scroll of magic mapping
 u - a scroll of identify
Potions
 e - 2 potions of heal wounds
 f - a potion of haste
 l - 4 potions of agility
 s - a potion of curing {unknown}
 t - a potion of lignification {unknown}
Books
 c - a book of Minor Magic

   Spells                             Type                      Level
   a - Magic Dart                     Conjuration                  1
   b - Blink                          Translocation                2
   c - Call Imp                       Summoning                    2
   d - Repel Missiles                 Charms/Air                   2
   e - Slow                           Hexes                        2
   f - Conjure Flame                  Conjuration/Fire             3
   g - Mephitic Cloud                 Conjuration/Poison/Air       3
 j - Sif Muna's Almanac of Confrontation
   (You found it on level 3 of the Dungeon)

   Spells                             Type                      Level
   a - Sting                          Conjuration/Poison           1
Comestibles
 a - a royal jelly
 d - 3 bread rations
 g - 3 meat rations
 i - a chunk of flesh
 o - a slice of pizza


   Skills:
 + Level 2.8 Fighting
 + Level 3.0 Dodging
 - Level 3.0 Stealth
 + Level 4.2 Spellcasting
 - Level 3.1 Conjurations
 - Level 1.0 Summonings
 - Level 1.0 Translocations
 + Level 0.8 Air Magic
 + Level 0.3 Poison Magic


You had 2 spell levels left.
You knew the following spells:

 Your Spells              Type           Power        Failure   Level  Hunger
a - Magic Dart            Conj           ###.         6%          1    None
b - Blink                 Tloc           N/A          17%         2    #......
c - Mephitic Cloud        Conj/Pois/Air  #.......     34%         3    ###....
i - Call Imp              Summ           #.......     17%         2    #......
r - Repel Missiles        Chrm/Air       #.....       24%         2    #......
s - Sting                 Conj/Pois      ##..         10%         1    None


Dungeon Overview and Level Annotations

Branches:
Dungeon (4/15)             Temple (1/1) D:4

Altars:
Ashenzari
Cheibriados
Dithmenos
Fedhas
Gozag
Kikubaaqudgha
Nemelex Xobeh
Qazlal
Sif Muna
Xom
Yredelemnul
Zin


Innate Abilities, Weirdness & Mutations

You cannot wear boots.
You can spit poison.
Your serpentine skin is tough (AC +2).
You have supernaturally acute eyesight.
Armour fits poorly on your strangely shaped body.
Your system is resistant to poisons.
You cover ground very slowly.


Message History

The orc warrior hits you but does no damage.
You hit the orc warrior but do no damage.
The orc warrior is moderately wounded.
The orc warrior barely misses you.
You hit the orc warrior but do no damage.
The orc warrior is moderately wounded.
The orc warrior closely misses you.
The orc warrior hits you with a short sword of holy wrath!
The orc warrior hits you with a short sword of holy wrath!
* * * LOW HITPOINT WARNING * * *
The orc warrior hits you with a short sword of holy wrath!
* * * LOW HITPOINT WARNING * * *
Casting: Sting
Confirm with . or Enter, or press ? or * to list all spells.
Okay, then.
Read which item? (? for menu, Esc to quit)
As you read the scroll of teleportation, it crumbles to dust.
You feel strangely unstable. The orc warrior closely misses you.
The orc warrior hits you with a short sword of holy wrath!
You die...

##..####......... # #..
##..##......... ...## ##..
##.......... ...... ##...
##.#####..# #......# ##....
#..# #..# #.......##.....
#..# ##.### #............##
###>.##
##...####....####..##..
##.....####...)).#.....#
#......
#.......##...##.@o..(.##
##......
..#..##.....#####......#
#....... ..#..
###......##.......##.......
.....
#.....................)..
....#
#.#####.....#.........###
... #.# ......####.....###
. #.# .#.....##.....## ...
.......†.......# ...
##.#######....##


You could see an orc warrior.

Vanquished Creatures
  An orc priest (D:4)
  3 orc wizards
  A worker ant (D:4)
  9 adders
  A shadow imp (D:4)
  A giant mite (D:2)
  14 orcs
  2 ball pythons (D:1)
  3 giant cockroaches (D:2)
  7 goblins
  11 hobgoblins
  6 jackals
  3 kobolds
  17 bats
  4 giant newts
  8 rats
91 creatures vanquished.

Vanquished Creatures (collateral kills)
  2 orc wizards (D:3)
  3 orcs (D:3)
  A goblin (D:1)
  A hobgoblin (D:1)
7 creatures vanquished.

Vanquished Creatures (others)
  A crimson imp (D:4)
  A white imp (D:3)
2 creatures vanquished.

Grand Total: 100 creatures vanquished

Notes
Turn   | Place    | Note
--------------------------------------------------------------
     0 | D:1      | Miyamura, the Naga Wizard, began the quest for the Orb.
     0 | D:1      | Reached XP level 1. HP: 15/15 MP: 4/4
     6 | D:1      | Noticed a wolf
     6 | D:1      | Noticed a lindwurm
     6 | D:1      | Noticed a water moccasin
   506 | D:1      | Reached XP level 2. HP: 24/24 MP: 6/6
   679 | D:1      | Learned a level 2 spell: Blink
   682 | D:1      | Learned a level 2 spell: Call Imp
  1308 | D:1      | Reached XP level 3. HP: 30/30 MP: 8/8
  1495 | D:2      | Reached skill level 1 in Fighting
  1662 | D:2      | Found a blossoming altar of Fedhas.
  1763 | D:2      | Found a stormy altar of Qazlal.
  2061 | D:2      | Reached XP level 4. HP: 38/38 MP: 10/10
  2819 | D:3      | Found a shattered altar of Ashenzari.
  2977 | D:3      | Reached XP level 5. HP: 38/45 MP: 3/12
  3119 | D:3      | Found a deep blue altar of Sif Muna.
  3182 | D:3      | Identified Sif Muna's Almanac of Confrontation
  3511 | D:3      | Noticed a phantom
  4246 | D:3      | Reached skill level 4 in Spellcasting
  4266 | D:3      | Reached XP level 6. HP: 38/55 MP: 10/15
  5140 | D:4      | Learned a level 1 spell: Sting
  5246 | D:4      | Found a staircase to the Ecumenical Temple.
  5287 | Temple   | Entered the Ecumenical Temple
  5460 | Temple   | Became a worshipper of Cheibriados the Contemplative
  5538 | D:4      | Learned a level 2 spell: Repel Missiles
  5542 | D:4      | Learned a level 3 spell: Mephitic Cloud
  5663 | D:4      | Mangled by an orc warrior

Action                   |  1- 3 |  4- 6 || total
-------------------------+-------+-------++-------
Melee: Unarmed           |    57 |       ||    57
       Short sword       |     7 |       ||     7
       Mace              |    37 |    51 ||    88
       Flail             |       |   128 ||   128
 Cast: Magic Dart        |    24 |    26 ||    50
       Call Imp          |     5 |    16 ||    21
       Blink             |       |     2 ||     2
       Sting             |       |    12 ||    12
Invok: Bend Time         |       |     1 ||     1
 Abil: Spit Poison       |     8 |    23 ||    31
  Use: Scroll            |     4 |     8 ||    12
 Stab: Sleeping          |     3 |     5 ||     8
       Distracted        |       |     1 ||     1
  Eat: Chunk             |     4 |    14 ||    18
